 Dungeon Crawl Stone Soup version 0.24-a0-280-g7cec4da (webtiles) character file.

Game seed: 8583206465046688798

65 CaveCrawler the Slinger (level 4, 0/29 HPs)
             Began as a Halfling Hunter on May 1, 2019.
             Slain by an adder (3 damage)
             ... on level 1 of the Dungeon.
             The game lasted 00:03:19 (1438 turns).

CaveCrawler the Slinger (Halfling Hunter)           Turns: 1438, Time: 00:03:20

Health: 0/29       AC:  3    Str: 13    XL:     4   Next: 34%
Magic:  4/4        EV: 14    Int:  9    God:
Gold:   122        SH:  0    Dex: 15    Spells: 3/3 levels left

rFire    . . .     SeeInvis .   b - +0 short sword
rCold    . . .     Gourm    .   (shield restricted)
rNeg     . . .     Faith    .   c - +0 leather armour
rPois    .         Spirit   .   (no helmet)
rElec    .         Reflect  .   (no cloak)
rCorr    .         Harm     .   (no gloves)
MR       .....                  (no boots)
Stlth    ++........             (no amulet)
HPRegen  0.09/turn              (no ring)
MPRegen  0.09/turn              (no ring)

@: no status effects
A: small, mutation resistance 1
a: no special abilities


You were on level 1 of the Dungeon.
You were not hungry.

You visited 1 branch of the dungeon, and saw 2 of its levels.

You collected 122 gold pieces.

Inventory:

Hand Weapons
 a - a +1 hunting sling
 b - a +0 short sword (weapon)
Missiles
 d - 36 sling bullets
 g - 58 stones (quivered)
Armour
 c - a +0 leather armour (worn)
Scrolls
 e - 3 scrolls of identify {unknown}
 i - a scroll of amnesia {unknown}
 j - 3 scrolls of teleportation {unknown}
 n - a scroll of remove curse {unknown}
Potions
 h - a potion of heal wounds {unknown}
 k - a potion of degeneration {unknown}
 l - a potion of lignification {unknown}
 o - a potion of curing
Comestibles
 f - 4 rations


   Skills:
 - Level 1.7 Fighting
 + Level 8.1 Slings
 - Level 2.1 Dodging
 - Level 1.1 Stealth


You had 3 spell levels left.
You didn't know any spells.
Your spell library was empty.

Dungeon Overview and Level Annotations

Branches:
Dungeon (2/15)

Altars:

Annotations:
D:2 Crazy Yiuf


Innate Abilities, Weirdness & Mutations

You are small and have problems with some larger weapons.
You are somewhat resistant to further mutation.


Message History

There is a stone staircase leading up here.
You feel sick. The adder closely misses you. x2
You climb upwards.
There is a stone staircase leading down here.
It was a potion of curing.
You feel better. The adder bites you.
* * * LOW HITPOINT WARNING * * *
The adder barely misses you.
Wield which item (- for none, * to show all)? (? for menu, Esc to quit)
b - a +0 short sword (weapon)
The adder barely misses you.
You hit the adder.
The adder is moderately wounded.
The adder misses you. The adder closely misses you.
You closely miss the adder.
The adder is moderately wounded.
You feel yourself speed up. The adder bites you.
* * * LOW HITPOINT WARNING * * *
The adder bites you.
You die...

#.# #.....##.....#######
#.# #.....##.....#######
#.# #.....##.....#......
#.# #.....##.....#.#####
#.# #.....##...[...# #.#
#..............# #.#
###+#.####.....# # #.#
#.#.####.....# ### #.#
#@S..........###.. #.#
#.#.####.....##... #.#
#.#..........#....
##.######.##########.#...⌠
#....................#....
########....########.##...
#...........##..##..
#............#...###
#........[...#.#...#


You could see an adder.

Vanquished Creatures
  An adder (D:2)
  An ooze (D:1)
  A worm (D:2)
  3 dart slugs
  5 bats
  2 giant cockroaches
  5 goblins
  4 hobgoblins
  2 jackals (D:2)
  2 quokkas (D:2)
  A ball python (D:1)
  A frilled lizard (D:1)
  4 kobolds
  11 rats (D:1)
43 creatures vanquished.

Notes
Turn   | Place    | Note
-------+----------+-------------------------------------------
     0 | D:1      | CaveCrawler the Halfling Hunter began the quest for the
                  | Orb.
     0 | D:1      | Reached XP level 1. HP: 14/14 MP: 1/1
    43 | D:1      | Reached skill level 6 in Slings
   185 | D:1      | Reached XP level 2. HP: 19/19 MP: 2/2
   398 | D:1      | Reached skill level 7 in Slings
   398 | D:1      | Reached XP level 3. HP: 24/24 MP: 3/3
  1154 | D:2      | Reached XP level 4. HP: 29/29 MP: 4/4
  1227 | D:2      | Reached skill level 8 in Slings
  1376 | D:2      | Found a runed translucent door.
  1377 | D:2      | Noticed Crazy Yiuf
  1438 | D:1      | Slain by an adder

Levels and vault maps discovered:
D:1:      dpeg_arrival_water_temple_mockup, layout_basic
D:2:      layout_basic, chequers_temple_overflow_statue_of_worship,
          uniq_crazy_yiuf_cottage

Skill      XL: |  1  2  3  4 |
---------------+-------------+-----
Slings         | 6 7 8 |  8.1
Fighting       | |  1.7
Dodging        | |  2.1
Stealth        | |  1.1

Action                   |  1- 3 |  4- 6 || total
-------------------------+-------+-------++-------
Melee: Short sword       |    23 |     2 ||    25
 Fire: Hunting sling     |    67 |    18 ||    85
  Use: Potion            |       |     1 ||     1
 Stab: Sleeping          |     1 |       ||     1
  Eat: Chunk             |     1 |       ||     1
Armor: Leather armour    |     5 |     1 ||     6
Dodge: Dodged            |    24 |    11 ||    35

Table legend:
 A = Non-vault XP
 B = Vault XP
 C = Vault XP percentage of total XP
 D = Non-vault monster count
 E = Vault monster count
 F = Vault count percentage of total count
                 A         B        C        D         E       F
            +---------+---------+-------+---------+---------+-------
      Total |      93 |       0 |   0.0 |      43 |       0 |   0.0
            +---------+---------+-------+---------+---------+-------
        D:1 |      45 |       0 |   0.0 |      28 |       0 |   0.0
        D:2 |      48 |       0 |   0.0 |      15 |       0 |   0.0
            +---------+---------+-------+---------+---------+-------
